AoeStats
← Joaquito

Arena

506947550Analyzed
3v3 RM · 16d ago on Sep 15, 2026· 44m 19s· 6 players
Game mode
Random Map
Map size
Normal (6 player)
Population
200
Speed
Normal
Resources
Standard
Victory
Conquest
Starting age
Dark Age
Ending age
Imperial Age
RankedLock teamsTeams togetherTeam positionsShared explorationLock speedFull tech treeHidden civsTurbo modeCheats
Victory
Defeat
🇧🇷 Celts · Brazil
1148
+13
🇦🇱 Turks · Albania
1104
+14
🇹🇷 Mongols · Türkiye
1086
+15
🇨🇱 Mongols · Chile
1142
-17
🇨🇱 Saracens · Chile
1053
-13
🇨🇱 Tatars · Chile
1019
-12
insaneBestar
12:14 Feudal Age
13:17 Horse Collar
13:44 Double-Bit Axe
16:23 Castle Age
21:05 Imperial Age
umut
9:51 Feudal Age
10:39 Feudal Age
14:58 Castle Age
13:07 Double-Bit Axe
13:04 Horse Collar
16:36 Bow Saw
18:15 Heavy Plow
18:07 Loom
24:21 Wheelbarrow
23:36 Town Watch
26:33 Hand Cart
31:02 Imperial Age
28:57 Bloodlines
28:47 Husbandry
28:11 Light Cavalry
30:41 Forging
30:37 Scale Barding Armor
31:29 Gold Mining
31:40 Hussar
33:48 Iron Casting
33:33 Chain Barding Armor
33:55 Fletching
35:32 Conscription
37:36 Onager
39:20 Chemistry
39:45 Blast Furnace
40:36 Drill
41:01 Gold Shaft Mining
40:27 Siege Onager
xcsqadow
12:20 Feudal Age
16:37 Castle Age
14:35 Double-Bit Axe
14:42 Gold Mining
14:59 Horse Collar
18:04 Bow Saw
18:12 Scale Mail Armor
22:30 Wheelbarrow
23:52 Chain Mail Armor
25:22 Gold Shaft Mining
27:41 Town Watch
30:50 Forging
35:54 Imperial Age
37:26 Plate Mail Armor
37:03 Capped Ram
39:02 Onager
41:57 Furor Celtica
43:10 Iron Casting
Arzzeus
10:54 Feudal Age
14:29 Castle Age
12:54 Double-Bit Axe
12:51 Horse Collar
14:56 Stone Mining
15:45 Bow Saw
24:04 Scale Barding Armor
28:45 Wheelbarrow
28:39 Gold Mining
28:59 Heavy Plow
31:15 Hand Cart
34:16 Imperial Age
34:51 Gold Shaft Mining
35:57 Chemistry
35:15 Loom
36:06 Timurid Siegecraft
36:59 Conscription
37:26 Crop Rotation
38:57 Ballistics
38:39 Treadmill Crane
39:54 Masonry
39:56 Siege Engineers
40:35 Elite Keshik
42:01 Murder Holes
41:44 Onager
Drookns
11:01 Feudal Age
14:43 Castle Age
14:10 Loom
14:38 Double-Bit Axe
14:53 Horse Collar
23:12 Scale Barding Armor
24:19 Heavy Plow
25:44 Wheelbarrow
27:48 Hand Cart
28:45 Gold Mining
28:33 Elite Skirmisher
31:14 Thumb Ring
33:54 Imperial Age
31:44 Bow Saw
32:30 Padded Archer Armor
32:21 Fletching
33:17 Chain Barding Armor
33:07 Forging
32:24 Light Cavalry
33:49 Bloodlines
33:42 Husbandry
34:52 Ballistics
34:10 Heavy Camel Rider
36:00 Leather Archer Armor
35:40 Bodkin Arrow
Joaquito
10:21 Feudal Age
14:33 Castle Age
14:22 Double-Bit Axe
21:24 Fletching
27:28 Bodkin Arrow
27:29 Loom
28:40 Wheelbarrow
28:01 Horse Collar
28:53 Town Watch
29:04 Gold Mining
31:17 Stone Mining
35:19 Imperial Age
33:26 Bloodlines
33:16 Husbandry
34:48 Hand Cart
34:53 Padded Archer Armor
35:15 Scale Barding Armor
36:26 Gold Shaft Mining
36:38 Ballistics
38:16 Bracer
38:31 Leather Archer Armor
38:40 Chain Barding Armor
38:49 Conscription
40:25 Drill
41:10 Squires
42:22 Chemistry
41:38 Forging
41:29 Scale Mail Armor
42:04 Onager
Connection lost

Rejoining the realm…

Still unreachable

The connection could not be restored.

Session expired

The server has moved on; the page needs a fresh start.